 Dungeon Crawl Stone Soup version 0.22-a0-392-g5dc3fd9af9 (webtiles) character file.

227486 Flugkiller the Summoner (level 18, -4/146 HPs)
             Began as a Mummy Summoner on May 1, 2018.
             Was the Champion of Ashenzari.
             Slain by an Executioner (21 damage)
             ... summoned by a deep elf demonologist
             ... led by an ironheart preserver
             ... on level 3 of the Vaults.
             The game lasted 03:27:44 (75721 turns).

Flugkiller the Summoner (Mummy Summoner)           Turns: 75721, Time: 03:27:45

Health: -4/146     AC: 25    Str: 12    XL:     18   Next: 24%
Magic:  23/54      EV: 19    Int: 25    God:    Ashenzari [******]
Gold:   2769       SH:  9    Dex: 19    Spells: 15/45 levels left

rFire    + + .     SeeInvis +   q - +3 falchion of Valour {chaos, rF+ MP+9 Dex+4} (curse)
rCold    + . .     Gourm    .   Q - +2 buckler {rN+}
rNeg     + + +     Faith    .   P - +6 scale mail of Onealiu {*Corrode rPois rF++ Dex+2} (curse)
rPois    ∞         Spirit   .   j - +1 helmet (curse)
rElec    .         Reflect  .   w - +2 cloak (curse)
rCorr    .         Harm     .   v - +0 pair of gloves (curse)
MR       ++...     Clarity  +   K - +0 pair of boots (curse)
Stlth    +.........             p - amulet of regeneration (curse)
HPRegen  0.74/turn              m - ring of magical power (curse)
MPRegen  0.34/turn              O - +4 ring of intelligence (curse)

@: very slightly contaminated
A: no food or potions, fire vulnerability, cold resistance 1, negative energy
resistance 3, torment resistance, unbreathing, in touch with death 1
}: 2/15 runes: serpentine, barnacled
a: Curse Item, Scrying, Transfer Knowledge, Renounce Religion


You were on level 3 of the Vaults.
You worshipped Ashenzari.
Ashenzari was exalted by your worship.
You were not hungry.

You visited 6 branches of the dungeon, and saw 34 of its levels.
You also visited: Ice Cave.

You collected 3476 gold pieces.
You spent 707 gold pieces at shops.

Inventory:

Hand Weapons
 q - the cursed +3 falchion of Valour (weapon) {chaos, rF+ MP+9 Dex+4}
   (You found it on level 3 of the Shoals)

   Each time it hits an enemy it has a different, random effect.
   It affects your dexterity (+4).
   It protects you from fire.
   It affects your magic capacity (+9).
   It has a curse placed upon it.
Armour
 h - a +2 robe of the Archmagi
 j - a cursed +1 helmet (worn)
 v - a cursed +0 pair of gloves (worn)
 w - a cursed +2 cloak (worn)
 B - a +2 pair of gloves of strength
 K - a cursed +0 pair of boots (worn)
 P - the cursed +6 scale mail of Onealiu (worn) {*Corrode rPois rF++ Dex+2}
   (You found it on level 4 of the Snake Pit)

   It affects your dexterity (+2).
   It greatly protects you from fire.
   It protects you from poison.
   It may corrode you when you take damage.
   It has a curse placed upon it.
 Q - a +2 buckler of positive energy (worn)
 R - a +1 pair of boots
Magical Staves
 r - an uncursed staff of power
 F - an uncursed staff of wizardry
 M - an uncursed staff of summoning
Jewellery
 i - the amulet "Oheah" {Inacc rF+ Stlth+}
   (You found it on level 3 of the Shoals)

   [amulet of inaccuracy]

   It reduces the accuracy of all your attacks.
   It protects you from fire.
   It makes you more stealthy.
 m - a cursed ring of magical power (left hand)
 n - the amulet of Lutumenk {*Drain +Rage +Inv +Fly rN++}
   (You found it on level 4 of the Shoals)

   [amulet of rage]

   It greatly protects you from negative energy.
   It lets you turn invisible.
   It lets you fly.
   It lets you go berserk.
   It causes draining when unequipped.
 p - a cursed amulet of regeneration (around neck)
 z - the ring of Naxoec {rPois rF+ MR+ Str+3}
   (You found it on level 3 of the Shoals)

   [ring of strength]

   It affects your strength (+3).
   It protects you from fire.
   It protects you from poison.
   It affects your resistance to hostile enchantments.
 N - the ring of Recklessness {+Fly rN+}
   (You found it on level 3 of the Shoals)

   [ring of flight]

   It protects you from negative energy.
   It lets you fly.
 O - a cursed +4 ring of intelligence (right hand)
Wands
 a - a wand of iceblast (19)
 d - a wand of random effects (111)
 l - a wand of acid (3)
 u - a wand of paralysis (26)
 y - a wand of disintegration (72)
 C - a wand of polymorph (77)
 G - a wand of digging (31)
 L - a wand of enslavement (29)
Scrolls
 b - a scroll of blinking
 c - 12 scrolls of enchant armour
 e - 10 scrolls of teleportation
 f - 3 scrolls of fog
 g - 6 scrolls of amnesia
 k - 4 scrolls of fear
 o - 4 scrolls of magic mapping
 s - 3 scrolls of vulnerability
 t - 4 scrolls of immolation
 x - 23 scrolls of identify
 D - a scroll of silence
 E - 8 scrolls of remove curse
 I - 2 scrolls of enchant weapon
 J - a scroll of torment
Miscellaneous
 A - 2 sacks of spiders


   Skills:
 - Level 14.0 Fighting
 - Level 11.0(15.2) Armour
 - Level 11.0(15.2) Dodging
 - Level 1.5 Stealth
 + Level 8.1 Shields
 - Level 14.0 Spellcasting
 - Level 3.6(7.7) Hexes
 - Level 14.4(18.5) Summonings
 - Level 7.5(12.0) Translocations
 - Level 0.9(3.3) Ice Magic
 - Level 4.0(8.2) Air Magic


You had 15 spell levels left.
You knew the following spells:

 Your Spells              Type           Power        Failure   Level  Hunger
a - Summon Small Mammal   Summ           ####         0%          1    N/A
b - Call Imp              Summ           #######.     0%          2    N/A
c - Call Canine Familiar  Summ           #######.     0%          3    N/A
d - Summon Ice Beast      Ice/Summ       ######..     1%          4    N/A
e - Summon Lightning Spi  Summ/Air       ######..     1%          4    N/A
f - Summon Mana Viper     Hex/Summ       ######..     1%          5    N/A
g - Monstrous Menagerie   Summ           #######...   4%          7    N/A
q - Apportation           Tloc           ######       1%          1    N/A
r - Blink                 Tloc           N/A          1%          2    N/A
w - Summon Butterflies    Summ           #######.     0%          1    N/A

Dungeon Overview and Level Annotations

Branches:
Dungeon (15/15)            Temple (0/1) D:6            Lair (6/6) D:11
 Shoals (4/4) Lair:3        Snake (4/4) Lair:4        Slime (0/5) Lair:5
    Orc (2/2) D:12            Elf (0/3) Orc:2        Vaults (3/5) D:14
  Crypt (0/3) Vaults:2     Depths (0/5) D:15

Altars:
Ashenzari
Cheibriados
Dithmenos
Elyvilon
Gozag
Kikubaaqudgha
Sif Muna
Uskayaw
Wu Jian
Yredelemnul
The Shining One
Beogh
Jiyva

Shops:
D:10 %   Orc:1 :   Orc:2 (:[?   Shoals:1 *   Shoals:2 (   Shoals:3 }
Snake:1 :   Snake:2 [

Annotations:
Lair:5 1 runed door


Innate Abilities, Weirdness & Mutations

You do not eat or drink.
Your flesh is vulnerable to fire.
You are immune to poison.
Your flesh is cold resistant. (rC+)
You are immune to negative energy. (rN+++)
You are immune to unholy pain and torment.
You can survive without breathing.
You are in touch with the powers of death.


Message History

Your lindwurm's corpse disappears in a puff of smoke!
The Executioner hits you!!
* * * LOW HITPOINT WARNING * * *
The Executioner hits you but does no damage.
The Executioner closely misses you.
Blink to where?
Press: ? - help, Dir - move target cursor You are very lightly contaminated with residual magic.
As you read the scroll of blinking, it crumbles to dust.
You feel a bit more experienced. You block the Executioner's attack. x2
The Executioner hits you but does no damage.
There is a stone staircase leading up here.
The Executioner hits you!
* * * LOW HITPOINT WARNING * * *
The Executioner closely misses you. You block the Executioner's attack. x2
The Executioner barely misses you.
The Executioner hits you but does no damage.
The Executioner hits you!!
You die...

#......#.#........#..ee.#* { *,
#......#.#........#..{{.#* ,** ,,
#......#.##########..{{{#,,, , *
#......#................# ,,*
#+####'#............###∆#, { *
...............###..#.#{# ,, * ,{
..............##.##.#.'.#, ,, ,
.............##...###.#.#,,, ,
............##..@1.#.##.#########
...........##.#.....##...........
#########÷.#.###...##............
#.......#..#.#.##.##.............
#.......#..#.'..#'#......########
#.......#..###...........#, ...,,
#.......#................#, *#.#
#.......#................# {*.#W
#.......#................# **.##


You could see an Executioner.

Vanquished Creatures
  The ghost of Zaque the Grappler, a journeyman TrEE of Makhleb (D:10)
  2 centaur warriors
  A death yak (Lair:6)
  A salamander mystic (Snake:4)
  A sea snake (Shoals:4)
  A black mamba (Snake:2)
  A naga mage (Snake:4)
  A spiny frog (Lair:1)
  A komodo dragon (Lair:2)
  A troll (D:13)
  4 hippogriffs
  A dream sheep (Lair:6)
  2 yaks (Lair:6)
  A hog (D:13)
  4 soldier ants
  A porcupine (Lair:2)
  3 orc warriors
  3 ice beasts
  An ogre (D:9)
  A phantom (D:9)
  3 centaurs
  2 crocodiles
  5 bullfrogs
  A wyvern skeleton (D:14)
  10 killer bees
  A howler monkey (D:10)
  5 crimson imps
  A bullfrog zombie (D:10)
  5 hounds
  An orc wizard (D:5)
  A quasit (D:10)
  A bullfrog skeleton (D:11)
  6 worker ants
  Robin (D:4)
  9 adders
  A shadow imp (D:5)
  An ooze (D:3)
  2 worms
  5 dart slugs
  4 leopard geckos
  16 orcs
  A ball python (D:2)
  5 giant cockroaches
  8 goblins
  4 hobgoblins
  14 jackals
  4 quokkas
  5 bats
  A frilled lizard (D:3)
  4 kobolds
  A leopard gecko skeleton (D:9)
  2 rats (D:2)
  A pillar of salt (Vaults:2)
163 creatures vanquished.

Vanquished Creatures (collateral kills)
  Mara (Snake:4)
  Vashnia (Snake:2)
  A tentacled monstrosity (Vaults:1)
  Rupert (Lair:6)
  Asterion (Snake:2)
  Frances (Shoals:2)
  A kraken (Shoals:3)
  Kirke (D:14)
  Ilsuiw (Shoals:4)
  A storm dragon (Vaults:1)
  10 nagarajas
  A frost giant (Vaults:2)
  2 deep elf sorcerers (Vaults:2)
  2 orc warlords (Orc:2)
  Aizul (Snake:2)
  6 vault wardens
  14 ironheart preservers
  A war gargoyle (Vaults:2)
  2 entropy weavers (D:13)
  5 very ugly things
  A stone giant (Vaults:2)
  A dire elephant (Lair:4)
  A deep elf death mage (Vaults:2)
  The ghost of D1HalberdGnoll the Grim Reaper, a journeyman DsIE of Yredelemnul (Lair:5)
  7 merfolk javelineers
  A fire dragon (Vaults:3)
  9 merfolk impalers
  A great orb of eyes (Vaults:3)
  8 yaktaur captains
  The ghost of Naab the Unseen, a journeyman SpEn of Dithmenos (D:14)
  An ice dragon (shapeshifter) (D:15)
  Erolcha (D:9)
  6 rakshasas
  Harold (D:12)
  11 hydras
  15 naga warriors
  3 merfolk avatars
  Erica (D:8)
  17 anacondas
  3 catoblepae (Lair:6)
  7 centaur warriors
  8 merfolk aquamancers
  21 two-headed ogres
  9 ogre magi
  2 satyrs
  5 death yaks (Lair:6)
  18 naga sharpshooters
  A queen ant (D:13)
  4 orc high priests (Orc:2)
  2 deep troll shamans (D:14)
  2 deep troll earth magi
  A tengu warrior (D:14)
  A vampire mage (Vaults:2)
  10 shock serpents
  A fire crab (shapeshifter) (Vaults:3)
  5 salamander mystics
  17 skeletal warriors
  8 wizards
  4 unseen horrors
  4 shadow wraiths
  12 naga ritualists
  7 deep trolls
  9 sea snakes
  A glowing orange brain (D:15)
  11 ironbrand convokers
  2 phantasmal warriors (Vaults:2)
  16 orc knights
  14 mana vipers
  4 lindwurms
  A mana viper (shapeshifter) (Vaults:1)
  9 harpies
  5 deep elf magi
  4 orc sorcerers (Orc:2)
  The ghost of noidea the Covert, a novice OpAs (D:5)
  A wolf spider zombie (D:14)
  14 salamanders
  21 manticores
  A salamander (shapeshifter) (D:15)
  3 wolf spiders
  13 fauns
  2 oklob plants (Lair:5)
  9 cyclopes
  27 ugly things
  Maurice (D:9)
  50 black mambas
  10 merfolk sirens
  19 elephants
  6 guardian serpents
  13 vault sentinels
  5 water nymphs
  3 centaur skeletons
  3 gargoyles
  8 spiny frogs
  4 torpor snails
  27 yaktaurs
  3 ice statues (IceCv)
  26 naga magi
  A spiny frog (shapeshifter) (D:15)
  A kobold demonologist (D:15)
  7 komodo dragons
  A yaktaur (shapeshifter) (Vaults:2)
  A rime drake (Lair:6)
  A redback zombie (D:14)
  An entropy weaver simulacrum (Vaults:2)
  2 ice devils (Lair:2)
  6 freezing wraiths
  2 efreet (D:15)
  34 merfolk
  6 trolls
  2 polar bears
  A polar bear (shapeshifter) (D:14)
  8 wind drakes
  A meliai (shapeshifter) (D:12)
  24 slime creatures
  3 hornets
  A fire giant simulacrum (Vaults:2)
  3 blink frogs (Lair:5)
  11 dream sheep
  9 snapping turtles
  A centaur simulacrum (D:15)
  11 hippogriffs
  4 wyverns
  6 wraiths
  A redback (shapeshifter) (D:15)
  A spriggan (Lair:4)
  14 water elementals
  3 shadows
  2 basilisks
  44 yaks
  2 hogs (D:14)
  The ghost of Sassnad the Shield-Bearer, an amateur FoFi (D:4)
  4 vampire mosquitoes
  A spatial vortex (Snake:4)
  A swamp worm (shapeshifter) (D:15)
  9 wargs
  A warg (shapeshifter) (D:15)
  5 acid dragons
  35 nagas
  13 soldier ants (D:13)
  15 water moccasins
  8 porcupines
  A hornet zombie (D:14)
  2 phantoms
  63 orc warriors
  13 ice beasts
  2 sky beasts
  A black bear (D:7)
  A necrophage (D:14)
  55 ogres
  6 wolves (Lair:3)
  22 centaurs
  14 crocodiles
  2 big kobolds
  12 bullfrogs
  2 gnoll sergeants
  A wyvern skeleton (D:9)
  2 scorpions
  18 killer bees
  A troll zombie (D:14)
  4 wights (D:14)
  5 howler monkeys
  5 electric eels
  7 crimson imps
  7 hounds
  3 quasits
  2 bullfrog zombies
  32 orc priests
  2 centaur zombies
  4 jellies
  2 gnoll shamans (D:7)
  4 human zombies (D:14)
  A human skeleton (D:14)
  36 orc wizards
  2 bullfrog skeletons
  An iguana (D:9)
  29 worker ants
  An ogre zombie (D:14)
  A mummy (D:14)
  10 adders
  10 gnolls
  3 shadow imps
  An adder zombie (D:9)
  An adder skeleton (D:9)
  2 leopard geckos
  133 orcs
  A bat (D:2)
  2 giant cockroaches
  14 goblins
  13 hobgoblins
  6 jackals
  2 ball pythons (D:1)
  A frilled lizard (D:1)
  11 kobolds
  2 orc skeletons (D:14)
  3 rats
  A fungus (Lair:4)
  7 plants
  3 tentacles (Shoals:3)
1539 creatures vanquished.

Vanquished Creatures (others)
  A nagaraja (Snake:4)
  A deep elf sorcerer (Vaults:3)
  A frost giant (Vaults:2)
  An ugly thing (IceCv)
  A merfolk (Shoals:4)
  A hippogriff (Lair:6)
  A bullfrog (D:14)
  An orc wizard (D:14)
  2 orcs
  20 fungi
  7 pillars of salt (Vaults:2)
  25 plants
  8 tentacles (Shoals:3)
70 creatures vanquished.

Grand Total: 1772 creatures vanquished

Notes
Turn   | Place    | Note
-------+----------+-------------------------------------------
     0 | D:1      | Flugkiller the Mummy Summoner began the quest for the Orb.
     0 | D:1      | Reached XP level 1. HP: 13/13 MP: 4/4
   259 | D:1      | Reached XP level 2. HP: 18/19 MP: 1/6
   305 | D:1      | Learned a level 2 spell: Call Imp
   344 | D:1      | Found a glowing golden altar of the Shining One.
  1049 | D:2      | Reached XP level 3. HP: 24/24 MP: 7/7
  1054 | D:2      | Learned a level 3 spell: Call Canine Familiar
  1339 | D:2      | Found a shattered altar of Ashenzari.
  1366 | D:2      | Became a worshipper of Ashenzari the Shackled
  1870 | D:2      | Reached XP level 4. HP: 20/30 MP: 6/8
  3064 | D:3      | Found a shadowy altar of Dithmenos.
  3108 | D:3      | Reached skill level 5 in Summonings
  3225 | D:3      | Reached XP level 5. HP: 27/35 MP: 3/9
  3301 | D:3      | Reached * piety under Ashenzari
  4287 | D:4      | Noticed a phantom
  4329 | D:4      | Killed a phantom
  4524 | D:4      | Learned a level 4 spell: Summon Lightning Spire
  4540 | D:4      | Reached XP level 6. HP: 41/41 MP: 10/10
  4584 | D:4      | Noticed Robin
  4612 | D:4      | Reached skill level 1 in Air Magic
  4615 | D:4      | Noticed Sassnad's ghost (amateur FoFi)
  4618 | D:4      | Killed Robin
  5877 | D:4      | Killed Sassnad's ghost
  6031 | D:5      | Entered Level 5 of the Dungeon
  6182 | D:5      | Reached XP level 7. HP: 20/46 MP: 8/11
  6367 | D:5      | Noticed noidea's ghost (novice OpAs)
  6395 | D:5      | Killed noidea's ghost
  6938 | D:5      | Got the uncursed ring mail of the Raven {rN+ MR+ rCorr}
  7324 | D:5      | Found an ornate altar of the Wu Jian Council.
  7447 | D:5      | Found a glowing golden altar of the Shining One.
  7828 | D:6      | Found an ancient bone altar of Kikubaaqudgha.
  7939 | D:6      | Reached XP level 8. HP: 52/52 MP: 12/12
  7991 | D:6      | Found a white marble altar of Elyvilon.
  7996 | D:6      | Reached ** piety under Ashenzari
  8329 | D:6      | Reached skill level 1 in Fighting
  8481 | D:6      | Found a staircase to the Ecumenical Temple.
  8579 | D:6      | Found a basalt altar of Yredelemnul.
  8730 | D:7      | Found a deep blue altar of Sif Muna.
  9033 | D:7      | Found an opulent altar of Gozag.
 10040 | D:8      | Noticed Erica
 10247 | D:8      | Noticed a two-headed ogre
 10757 | D:8      | Killed Erica
 10757 | D:8      | Reached skill level 5 in Fighting
 10757 | D:8      | Reached XP level 9. HP: 68/68 MP: 3/13
 11348 | D:8      | Killed a two-headed ogre
 11528 | D:8      | Found a hide-covered altar of Uskayaw.
 11720 | D:9      | Noticed Erolcha
 12186 | D:9      | Reached *** piety under Ashenzari
 12283 | D:9      | Learned a level 4 spell: Summon Ice Beast
 12306 | D:9      | Noticed Maurice
 12319 | D:9      | Killed Maurice
 12681 | D:9      | Killed Erolcha
 12681 | D:9      | Reached XP level 10. HP: 76/76 MP: 11/14
 12851 | D:9      | Found a white marble altar of Elyvilon.
 13037 | D:9      | Noticed a gargoyle
 13084 | D:9      | Killed a gargoyle
 13172 | D:9      | Noticed a two-headed ogre
 13232 | D:9      | Killed a two-headed ogre
 13590 | D:9      | Noticed a centaur warrior
 13593 | D:9      | Noticed a brown ugly thing
 13784 | D:9      | Killed a brown ugly thing
 13873 | D:9      | Reached skill level 5 in Spellcasting
 13986 | D:9      | Killed a centaur warrior
 14101 | D:9      | Learned a level 5 spell: Summon Mana Viper
 14104 | D:9      | Got the uncursed leather armour "Ragaos" {*Slow rC+ Str+3 Slay+5}
 14313 | D:10     | Entered Level 10 of the Dungeon
 14431 | D:10     | Noticed a gargoyle
 14458 | D:10     | Killed a gargoyle
 14458 | D:10     | Reached skill level 1 in Hexes
 14711 | D:10     | Noticed Zaque's ghost (journeyman TrEE)
 14796 | D:10     | Killed Zaque's ghost
 14796 | D:10     | Reached skill level 5 in Dodging
 15084 | D:10     | Found Watz's Food Shop.
 15542 | D:11     | Found a staircase to the Lair.
 15692 | D:11     | Reached **** piety under Ashenzari
 15745 | D:11     | Identified a scroll of acquirement
 15933 | D:11     | Reached XP level 11. HP: 52/84 MP: 18/18
 16191 | D:11     | Reached skill level 5 in Armour
 16360 | Lair:1   | Entered Level 1 of the Lair of Beasts
 16975 | Lair:1   | Reached ***** piety under Ashenzari
 17247 | Lair:1   | Found a snail-covered altar of Cheibriados.
 17661 | Lair:2   | Found a frozen archway.
 17670 | IceCv    | Entered an ice cave
 17854 | IceCv    | Noticed a white ugly thing
 17861 | IceCv    | Killed a white ugly thing
 19268 | IceCv    | Reached skill level 10 in Summonings
 19356 | IceCv    | Noticed a white ugly thing
 19360 | IceCv    | Killed a white ugly thing
 19423 | IceCv    | Identified the ring of Vaimamam {rN++ Int+3 Dex-4 SInv}
 20750 | Lair:2   | Noticed an eight-headed hydra
 20756 | Lair:2   | Killed an eight-headed hydra
 21122 | Lair:3   | Noticed a seven-headed hydra
 21136 | Lair:3   | Killed a seven-headed hydra
 21683 | Lair:3   | Noticed an eight-headed hydra
 21718 | Lair:3   | Killed an eight-headed hydra
 22325 | Lair:3   | Reached XP level 12. HP: 93/93 MP: 8/20
 22449 | Lair:3   | Found a staircase to the Shoals.
 22946 | Lair:4   | Noticed a six-headed hydra
 22956 | Lair:4   | Killed a six-headed hydra
 23622 | Lair:4   | Noticed a seven-headed hydra
 23628 | Lair:4   | Killed a seven-headed hydra
 23629 | Lair:4   | Noticed a four-headed hydra
 23639 | Lair:4   | Killed a four-headed hydra
 24104 | Lair:4   | Noticed a dire elephant
 24137 | Lair:4   | Killed a dire elephant
 24392 | Lair:4   | Reached ****** piety under Ashenzari
 24586 | Lair:4   | Found a staircase to the Snake Pit.
 24845 | Lair:5   | Noticed D1HalberdGnoll's ghost (journeyman DsIE)
 24854 | Lair:5   | Killed D1HalberdGnoll's ghost
 25012 | Lair:5   | Noticed a five-headed hydra
 25021 | Lair:5   | Killed a five-headed hydra
 25049 | Lair:5   | Reached skill level 1 in Shields
 25331 | Lair:5   | Noticed a five-headed hydra
 25337 | Lair:5   | Killed a five-headed hydra
 25466 | Lair:5   | Found a runed door.
 25467 | Lair:5   | Found a viscous altar of Jiyva.
 25467 | Lair:5   | Found a staircase to the Slime Pits.
 25706 | Lair:5   | Identified the cursed +1 dagger of Revolt {protect, Dex+8}
 26210 | Lair:5   | Noticed a seven-headed hydra
 26219 | Lair:5   | Killed a seven-headed hydra
 26738 | Lair:6   | Entered Level 6 of the Lair of Beasts
 26747 | Lair:6   | Noticed Rupert
 26763 | Lair:6   | Killed Rupert
 27165 | Lair:6   | Reached skill level 10 in Fighting
 27287 | Lair:6   | Gained mutation: You are in touch with the powers of death. [Mummy growth]
 27287 | Lair:6   | Reached XP level 13. HP: 93/103 MP: 14/23
 29546 | D:12     | Found an ornate altar of the Wu Jian Council.
 29930 | D:12     | Noticed Harold
 29946 | D:12     | Killed Harold
 30567 | D:12     | Found a staircase to the Orcish Mines.
 30851 | D:12     | Learned a level 1 spell: Summon Butterflies
 32304 | D:13     | Noticed an entropy weaver
 32330 | D:13     | Killed an entropy weaver
 32422 | D:13     | Noticed an entropy weaver
 32682 | D:13     | Killed an entropy weaver
 33245 | D:14     | Noticed Kirke
 33379 | D:14     | Learned a level 7 spell: Monstrous Menagerie
 33704 | D:14     | Reached XP level 14. HP: 109/110 MP: 25/26
 34134 | D:14     | Noticed Naab's ghost (journeyman SpEn)
 34151 | D:14     | Killed Naab's ghost
 34237 | D:14     | Found a gate to the Vaults.
 34498 | D:14     | Killed Kirke
 35046 | D:14     | Found an ancient bone altar of Kikubaaqudgha.
 35456 | D:15     | Entered Level 15 of the Dungeon
 37219 | D:15     | Found a shattered altar of Ashenzari.
 38326 | D:15     | Found a staircase to the Depths.
 38464 | Orc:1    | Entered Level 1 of the Orcish Mines
 38705 | Orc:1    | Found Uxymach's Book Shoppe.
 39283 | Orc:2    | Entered Level 2 of the Orcish Mines
 39980 | Orc:2    | Found Reczil's Magic Scroll Shop.
 39993 | Orc:2    | Found Gotwecw's Armour Boutique.
 40025 | Orc:2    | Bought a scroll of teleportation for 51 gold pieces
 40025 | Orc:2    | Bought a scroll of blinking for 127 gold pieces
 40025 | Orc:2    | Bought a scroll of enchant armour for 127 gold pieces
 40029 | Orc:2    | Bought a scroll of fog for 34 gold pieces
 40091 | Orc:2    | Found a roughly hewn altar of Beogh.
 40091 | Orc:2    | Noticed an orc warlord
 40102 | Orc:2    | Killed an orc warlord
 40675 | Orc:2    | Identified Sif Muna's Handbook of Congealing Evil
 41199 | Orc:2    | Found a staircase to the Elven Halls.
 41497 | Orc:2    | Found Ceghos's Antique Weapon Shoppe.
 41584 | Orc:2    | Noticed an orc warlord
 41643 | Orc:2    | Killed an orc warlord
 41780 | Orc:2    | Found Sappyxie's Book Shop.
 41853 | Orc:2    | Found a roughly hewn altar of Beogh.
 42337 | Snake:1  | Entered Level 1 of the Snake Pit
 42337 | Snake:1  | Found Esimohas's Book Boutique.
 42417 | Snake:1  | Bought a book of Minor Magic for 260 gold pieces
 42420 | Snake:1  | Learned a level 2 spell: Blink
 43980 | Snake:2  | Noticed a nagaraja
 44132 | Snake:2  | Reached XP level 15. HP: 98/118 MP: 25/27
 44217 | Snake:2  | Noticed a nagaraja
 44221 | Snake:2  | Noticed Aizul
 44237 | Snake:2  | Killed a nagaraja
 44471 | Snake:2  | Killed a nagaraja
 44583 | Snake:2  | Reached skill level 10 in Dodging
 44595 | Snake:2  | Noticed Vashnia
 44805 | Snake:2  | Reached skill level 10 in Armour
 45264 | Snake:2  | Found a shadowy altar of Dithmenos.
 45402 | Snake:2  | Found Baytu's Antique Armour Shop.
 45993 | Snake:2  | Noticed Asterion
 46009 | Snake:2  | Noticed an Executioner
 46010 | Snake:2  | Killed Asterion
 46066 | Snake:2  | Killed Aizul
 46550 | Snake:2  | Killed Vashnia
 46692 | Snake:2  | Noticed a nagaraja
 46703 | Snake:2  | Killed a nagaraja
 47349 | Snake:3  | Found an opulent altar of Gozag.
 48556 | Snake:3  | Noticed a nagaraja
 48718 | Snake:3  | Killed a nagaraja
 49141 | Snake:3  | Noticed a nagaraja
 49169 | Snake:3  | Killed a nagaraja
 49717 | Snake:4  | Entered Level 4 of the Snake Pit
 49910 | Snake:4  | Noticed Mara
 50841 | Snake:4  | Noticed a nagaraja
 50856 | Snake:4  | Killed a nagaraja
 51132 | Snake:4  | Got the uncursed scale mail of Onealiu {*Corrode rPois rF++ Dex+2}
 51149 | Snake:3  | Identified the +6 scale mail of Onealiu {*Corrode rPois rF++ Dex+2} (You found it on level 4 of the Snake Pit)
 52463 | Snake:4  | Killed Mara
 52463 | Snake:4  | Reached skill level 1 in Translocations
 53436 | Snake:4  | Noticed a nagaraja
 53444 | Snake:4  | Killed a nagaraja
 53911 | Snake:4  | Reached XP level 16. HP: 127/127 MP: 20/29
 55441 | Snake:4  | Reached skill level 10 in Spellcasting
 57132 | Snake:4  | Got a serpentine rune of Zot
 57439 | Lair:1   | Identified the +1 leather armour "Ragaos" {*Slow rC+ Str+3 Slay+5} (You found it on level 9 of the Dungeon)
 57440 | Lair:1   | Identified the +1 ring mail of the Raven {rN+ MR+ rCorr} (You found it on level 5 of the Dungeon)
 57517 | Shoals:1 | Entered Level 1 of the Shoals
 57517 | Shoals:1 | Found Zaxiud's Assorted Antiques.
 58053 | Shoals:1 | Bought a scroll of teleportation for 108 gold pieces
 58888 | Shoals:2 | Found Anirph's Weapon Shoppe.
 60002 | Shoals:2 | Noticed Frances
 60008 | Shoals:2 | Killed Frances
 61594 | Shoals:3 | Found a transporter.
 61595 | Shoals:3 | Identified the ring of Recklessness {+Fly rN+}
 61618 | Shoals:3 | Identified the amulet "Oheah" {Inacc rF+ Stlth+}
 61696 | Shoals:3 | Found a transporter.
 61701 | Shoals:3 | Noticed a kraken
 61830 | Shoals:3 | Killed a kraken
 62053 | Shoals:3 | Found Wiehupo's Gadget Shoppe.
 62306 | Shoals:3 | Identified the ring of Naxoec {rPois rF+ MR+ Str+3}
 62311 | Shoals:3 | Learned a level 1 spell: Apportation
 62543 | Shoals:4 | Entered Level 4 of the Shoals
 62650 | Shoals:4 | Identified the amulet of Lutumenk {*Drain +Rage +Inv +Fly rN++}
 62894 | Shoals:4 | Noticed Ilsuiw
 63442 | Shoals:3 | Got the cursed falchion of Valour {chaos, rF+ MP+9 Dex+4}
 63443 | Shoals:3 | Identified the cursed +3 falchion of Valour {chaos, rF+ MP+9 Dex+4} (You found it on level 3 of the Shoals)
 63575 | Shoals:4 | Killed Ilsuiw
 64560 | Shoals:4 | Reached XP level 17. HP: 117/133 MP: 34/34
 65097 | Shoals:4 | Identified the cursed +0 robe "Reicafeg" {+Blink} (You found it on level 8 of the Dungeon)
 65097 | Shoals:4 | Identified the +3 chain mail of Indomitability {rF- Str+3 Dex+4 Stlth+} (You found it on level 10 of the Dungeon)
 65097 | Shoals:4 | Identified the cursed +2 quarterstaff "Rure" {freeze, +Blink Str+4}
 65147 | Shoals:4 | Got a barnacled rune of Zot
 65408 | Shoals:3 | Identified the cursed +2 quarterstaff "Rure" {freeze, +Blink Str+4}
 65829 | Vaults:1 | Entered Level 1 of the Vaults
 66884 | Vaults:1 | Reached skill level 5 in Translocations
 68981 | Vaults:1 | Noticed a tentacled monstrosity
 68986 | Vaults:1 | Killed a tentacled monstrosity
 69808 | Vaults:2 | Found a ruined gateway.
 70416 | Vaults:2 | Found a staircase to the Crypt.
 72505 | Vaults:2 | Reached skill level 5 in Shields
 73237 | Vaults:2 | Reached XP level 18. HP: 146/146 MP: 36/36
 75721 | Vaults:3 | Slain by an Executioner

Vault maps used:
D:1:      saegor_arrival_simple_d, tso_metal_star
D:2:      lemuel_round_altar, serial_bayou_pond_e, interstate_on_off
D:3:      old_standard_altar
D:4:      uniq_robin
D:5:      nicolae_overflow_hidden_temple, basic_altar, first_ration
D:6:      kennysheep_ying_yang, lemuel_doored_altar, minmay_temple_entry_fiery,
          lightli_minifort
D:7:      kennysheep_housing_project, nicolae_overflow_crystal_walls,
          basic_altar, grunt_ogre_cave, minmay_misc_feat_columns,
          minmay_misc_feat_more_columns
D:8:      lemuel_coloured_pillars_altar, uniq_erica
D:9:      minmay_the_grid_octo_tiled_octocenter, basic_altar, uniq_erolcha,
          uniq_maurice
D:10:     serial_shops, shop
D:11:     lair_entry_dummy, minmay_holes
D:12:     orc_david_3, special_room, basic_altar, lab_entry_generic, uniq_harold
D:13:     zaba_anthell
D:14:     david_vaults_4, lemuel_mausoleum_altar_kikubaaqudgha, uniq_kirke
D:15:     gammafunk_enter_depths_forms, evilmike_ruin_ashenzari,
          minmay_misc_feat_tiny
Lair:1:   kennysheep_snail_temple, grunt_megastairs_3
Lair:2:   portal_ice_cave_demonic_guard, lemuel_fruit_fields, grunt_megastairs_4
Lair:3:   minmay_shoals_entry_hut, grunt_megastairs_5
Lair:4:   mu_elephants_graveyard, dummy_snake_entry
Lair:5:   slime_altar_2, nicolae_quartered_pool_little, disabler_island,
          lemuel_fruit_fields
Lair:6:   evilmike_catoblepas_cave, uniq_rupert
Shoals:1: nicolae_shoals_c_island
Shoals:2: serial_shops, shop, uniq_frances
Shoals:3: gammafunk_its_a_trap, serial_shops, shop
Shoals:4: shoals_end_simple, shoal_ilsuiw
Snake:1:  serial_shops, shop, statue_in_the_mist_lemuel, abandoned_shop,
          spider_trap
Snake:2:  serial_shops, shop_fountains, basic_altar, uniq_vashnia,
          uniq_asterion, uniq_aizul
Snake:3:  basic_altar, grunt_ministairs_2
Snake:4:  snake_pit_salamanders_mu, grunt_ministairs_6, serial_bayou_shore_b,
          uniq_mara
Orc:1:    serial_shops, nicolae_shop_stone, nicolae_orc_tapped_out
Orc:2:    pubby_orc_utopia, serial_shops
Vaults:1: vaults_room_boxed, grunt_vaults_funnel, nicolae_vaults_rhombus_6,
          v_misc_32, ontoclasm_vaults_gallery, hangedman_vaults_snaps,
          grunt_vaults_focal, v_pattern_5, nicolae_vaults_little_squares_4
Vaults:2: nicolae_vaults_back_hallway, v_misc_10,
          dpeg_vaults_pockets_of_resistance, dpeg_vaults_monster_box,
          ontoclasm_vaults_fault, v_rooms_5, v_pattern_2,
          nicolae_vaults_windows_and_doors_thing,
          nicolae_vaults_little_squares_4, minmay_crypt_entry_simple_corners,
          v_alt_pattern_6, portal_desolation_entry_garden
Vaults:3: ontoclasm_vaults_pinch, hangedman_vaults_capsules, v_misc_11,
          nicolae_vaults_inception_statues, nicolae_vaults_network_quinsquares,
          nicolae_vaults_specimen_jars, v_misc_23, vaults_room_large_hall
IceCv:    ice_cave_statue_garden_chambered

Skill      XL: |  1  2  3  4  5  6  7  8  9 10 11 12 13 14 15 16 17 18 |
---------------+-------------------------------------------------------+-----
Spellcasting   | 3 5 7 8 9 13 14 | 14.0
Summonings     | 4 5 6 7 8 9 10 11 12 13 14 | 14.4
Air Magic      | 2 4 |  4.0
Fighting       | 5 6 7 8 10 11 12 14 | 14.0
Armour         | 3 4 6 7 8 9 11 | 11.0
Dodging        | 2 5 6 7 8 9 11 | 11.0
Hexes          | 2 3 |  3.6
Shields        | 4 6 8 |  8.1
Translocations | 2 3 7 |  7.5
Stealth        | |  1.5
Ice Magic      | |  0.9

Action                   |  1- 3 |  4- 6 |  7- 9 | 10-12 | 13-15 | 16-18 || total
-------------------------+-------+-------+-------+-------+-------+-------++-------
Melee: Unarmed           |    30 |       |       |       |       |       ||    30
       Dagger            |    64 |   140 |   245 |   692 |   138 |       ||  1279
       Staff             |       |       |       |       |    43 |     5 ||    48
       Falchion          |       |       |       |       |       |    24 ||    24
 Cast: Summon Small Mamm |    28 |       |       |       |       |       ||    28
       Call Imp          |    16 |    25 |    17 |       |       |       ||    58
       Call Canine Famil |     2 |    29 |    47 |     2 |       |       ||    80
       Summon Lightning  |       |       |    54 |    62 |    71 |     3 ||   190
       Summon Ice Beast  |       |       |       |   176 |    51 |     5 ||   232
       Summon Mana Viper |       |       |       |   141 |   525 |   257 ||   923
       Monstrous Menager |       |       |       |       |   149 |   438 ||   587
       Summon Butterflie |       |       |       |       |     2 |       ||     2
       Blink             |       |       |       |       |     1 |     2 ||     3
       Apportation       |       |       |       |       |       |     2 ||     2
Invok: Curse Item        |     1 |     1 |     1 |     2 |       |     4 ||     9
       Scrying           |       |       |       |       |       |     1 ||     1
Evoke: Wand              |       |       |       |     2 |     5 |     1 ||     8
       Sack of spiders   |       |       |       |     1 |       |       ||     1
  Use: Scroll            |       |     4 |     6 |     5 |    12 |     8 ||    35
 Stab: Distracted        |     1 |     1 |     7 |     9 |     3 |     1 ||    22
       Sleeping          |     2 |     5 |       |       |       |       ||     7
Armor: Robe              |    20 |    29 |    96 |   330 |   150 |       ||   625
       Scale mail        |       |       |       |       |    48 |   205 ||   253
Dodge: Dodged            |    90 |    85 |   166 |   750 |   532 |   395 ||  2018
Block: Buckler           |       |       |       |     7 |   190 |   173 ||   370
       Rpst.: Falchion   |       |       |       |       |       |    23 ||    23

Table legend:
 A = Spawn XP
 B = Non-spawn XP
 C = Spawn XP percentage of total XP
 D = Spawn monster count
 E = Non-spawn monster count
 F = Spawn count percentage of total count
 G = Total turns spent on level
                    A         B        C        D         E        F      G
               +---------+---------+-------+---------+---------+-------+---------
         Total |       0 |  311215 |   0.0 |       0 |    1697 |   0.0 | 75721
               +---------+---------+-------+---------+---------+-------+---------
           D:1 |       0 |      27 |   0.0 |       0 |      25 |   0.0 |   875
           D:2 |       0 |      94 |   0.0 |       0 |      35 |   0.0 |  1698
           D:3 |       0 |     183 |   0.0 |       0 |      29 |   0.0 |  1981
           D:4 |       0 |     350 |   0.0 |       0 |      29 |   0.0 |  1477
           D:5 |       0 |     540 |   0.0 |       0 |      19 |   0.0 |  1597
           D:6 |       0 |     522 |   0.0 |       0 |      23 |   0.0 |  1140
           D:7 |       0 |     954 |   0.0 |       0 |      40 |   0.0 |  1464
           D:8 |       0 |    1936 |   0.0 |       0 |      16 |   0.0 |  1790
           D:9 |       0 |    3768 |   0.0 |       0 |      49 |   0.0 |  2291
          D:10 |       0 |    1971 |   0.0 |       0 |      34 |   0.0 |  1135
          D:11 |       0 |     979 |   0.0 |       0 |      16 |   0.0 |  1221
          D:12 |       0 |    8608 |   0.0 |       0 |     113 |   0.0 |  2084
          D:13 |       0 |    8370 |   0.0 |       0 |      74 |   0.0 |  1691
          D:14 |       0 |    8898 |   0.0 |       0 |      63 |   0.0 |  2763
          D:15 |       0 |   12321 |   0.0 |       0 |      60 |   0.0 |  2740
        Lair:1 |       0 |    2513 |   0.0 |       0 |      20 |   0.0 |  1481
        Lair:2 |       0 |    3262 |   0.0 |       0 |      28 |   0.0 |  1594
        Lair:3 |       0 |    3357 |   0.0 |       0 |      26 |   0.0 |  1899
        Lair:4 |       0 |    7192 |   0.0 |       0 |      33 |   0.0 |  2099
        Lair:5 |       0 |    5352 |   0.0 |       0 |      22 |   0.0 |  1952
        Lair:6 |       0 |   11979 |   0.0 |       0 |      67 |   0.0 |  2496
      Shoals:1 |       0 |    5742 |   0.0 |       0 |      26 |   0.0 |  1388
      Shoals:2 |       0 |    8263 |   0.0 |       0 |      29 |   0.0 |  1995
      Shoals:3 |       0 |   12446 |   0.0 |       0 |      47 |   0.0 |  2438
      Shoals:4 |       0 |   19733 |   0.0 |       0 |      71 |   0.0 |  2298
       Snake:1 |       0 |    6556 |   0.0 |       0 |      23 |   0.0 |  1986
       Snake:2 |       0 |   17848 |   0.0 |       0 |      43 |   0.0 |  3008
       Snake:3 |       0 |   12138 |   0.0 |       0 |      42 |   0.0 |  3542
       Snake:4 |       0 |   45092 |   0.0 |       0 |     131 |   0.0 |  6475
         Orc:1 |       0 |     853 |   0.0 |       0 |      34 |   0.0 |   852
         Orc:2 |       0 |   10632 |   0.0 |       0 |     139 |   0.0 |  2887
      Vaults:1 |       0 |   32574 |   0.0 |       0 |     111 |   0.0 |  3816
      Vaults:2 |       0 |   37407 |   0.0 |       0 |     114 |   0.0 |  3748
      Vaults:3 |       0 |   17091 |   0.0 |       0 |      55 |   0.0 |  2015
         IceCv |       0 |    1664 |   0.0 |       0 |      11 |   0.0 |  1805
               +---------+---------+-------+---------+---------+-------+---------
